[Event "*** Titled Tuesday Blitz"]
[Site "Chess.com"]
[Date "2018.04.03"]
[Round "2"]
[White "RandomOracle"]
[Black "2L8IWUN"]
[Result "0-1"]
[WhiteElo "2148"]
[BlackElo "2103"]
[TimeControl "180+2"]
[EndTime "13:20:50 PDT"]
[Termination "2L8IWUN won by resignation"]

1. d4 Nf6 2. c4 g6 3. Nc3 Bg7 4. e4 d6 5. h3 O-O 6. Nf3 e5 7.
d5 a5 8. Bg5 Na6 9. g4 Nc5 10.
Qc2 c6 11. Be2 cxd5 12. cxd5 Bd7 13. Nd2 Rc8 14. a4 Qb6 15. Nc4 Qb4 16. Bxf6 Bxf6 17. Ra3 Bxa4 18. Rxa4 Nxa4 19. Qxa4 Qxa4 20. Nxa4 b5 21.
Nxd6 Rc1+ 22. Bd1 bxa4 23. Ke2 Rb8 24. Kd3 Rxb2 25. Nc4 Rbb1 26. Ne3 Bg5 0-1

[Event "*** Titled Tuesday Blitz"]
[Site "Chess.com"]
[Date "2018.04.03"]
[Round "2"]
[White "Slovak_fighter2000"]
[Black "oskariot"]
[Result "1/2-1/2"]
[WhiteElo "2339"]
[BlackElo "2411"]
[TimeControl "180+2"]
[EndTime "13:20:51 PDT"]
[Termination "Game drawn by agreement"]

1. d4 e6 2. Nf3 Nf6 3. Bf4 Bd6 4. Bg3 b6 5. e3 Bb7 6. Nbd2 Qe7 7. Bd3 Bxg3 8.
hxg3 d6 9. Qe2 h6 10. c3 a6 11. a4 Nbd7 12. e4 e5 13. d5 Nc5 14. b4 Nxd3+ 15. Qxd3 O-O 16. Nh4 Bc8 17. Qf3 Nh7 18.
Nf5 Bxf5 19. Qxf5 Rfd8 20. Nf3 Qd7 21. Qxd7 Rxd7 22. O-O Nf6 23. Nd2 a5 24. f3 g6 25.
bxa5 Rxa5 26. Nb3 Ra8 27. a5 bxa5 28. Nxa5 Kg7 29. Nc6 Rxa1 30. Rxa1 Ng8 31. g4 Ne7 32. Nxe7 Rxe7 33. Ra7 Kf6 34. Kf2 c5 35.
Rxe7 Kxe7 36. Ke2 Kd7 37. Kd3 Kc7 38. Kc4 Kb6 39. Kb3 Ka5 40. c4 Kb6 41. Ka4 Ka6 42. Kb3 Ka5 43. Ka3 h5 44. gxh5 gxh5 45. g3 Kb6 46. Ka4 Ka6 47. Kb3 Kb7 48. Ka4 Kb6 49.
Kb3 Kc7 50. Ka4 Kb6 51. Kb3 1/2-1/2

[Event "*** Titled Tuesday Blitz"]
[Site "Chess.com"]
[Date "2018.04.03"]
[Round "2"]
[White "gemarin"]
[Black "aa175"]
[Result "1-0"]
[WhiteElo "1867"]
[BlackElo "1938"]
[TimeControl "180+2"]
[EndTime "13:20:54 PDT"]
[Termination "gemarin won on time"]

1. d4 e5 2. dxe5 Nc6 3. Nf3 Qe7 4. Qd5 g6 5. c3 Bg7 6. Bg5 Qf8 7. Nbd2 Nge7 8.
Qe4 b6 9. e3 Bb7 10. Be2 O-O-O 11. Qa4 h6 12. Bf6 Kb8 13. Nd4 Nxe5 14. Bxg7 Qxg7 15. Nb5 a6 16. Nd4 Bxg2 17. Rg1 Bb7 18. Bxa6 N7c6 19. O-O-O Qf6 20. f4 Nxd4 21. fxe5 b5 22.
Bxb5 Ne2+ 23. Bxe2 Qxe5 24. Qf4 Qa5 25. Kb1 Bd5 26. Nb3 Bxb3 27. axb3 f6 28. Kc2 f5 29.
Ra1 Qb6 30. Ra4 d5 31. Rb4 1-0

[Event "*** Titled Tuesday Blitz"]
[Site "Chess.com"]
[Date "2018.04.03"]
[Round "2"]
[White "patrisiii123"]
[Black "AndrewDGreen"]
[Result "1-0"]
[WhiteElo "2259"]
[BlackElo "2142"]
[TimeControl "180+2"]
[EndTime "13:20:55 PDT"]
[Termination "patrisiii123 won on time"]

1. e4 c5 2. Nf3 g6 3. d4 cxd4 4. Nxd4 Nc6 5. Be3 Nf6 6. f3 d5 7. Nxc6 bxc6 8. e5 Nd7 9. f4 Bg7 10. Be2 O-O 11. O-O f6 12. exf6 Nxf6 13. c3 Qc7 14. Nd2 e5 15. fxe5 Qxe5 16. Bf4 Qe7 17. Nb3 Bf5 18. Nd4 Bd7 19. Bf3 Ne4 20. Bxe4 Qxe4 21.
Qd2 Qe7 22. Rae1 Qc5 23. b4 Qc4 24. Bd6 Rxf1+ 25. Rxf1 Re8 26. Bc5 Bxd4+ 27. Bxd4 Qe2 28. Qh6 1-0

[Event "*** Titled Tuesday Blitz"]
[Site "Chess.com"]
[Date "2018.04.03"]
[Round "2"]
[White "GMSrinath"]
[Black "Korchmar_Vasiliy"]
[Result "0-1"]
[WhiteElo "2731"]
[BlackElo "2632"]
[TimeControl "180+2"]
[EndTime "13:20:58 PDT"]
[Termination "Korchmar_Vasiliy won by checkmate"]

1. e4 c5 2. Nf3 e6 3. d4 cxd4 4. Nxd4 a6 5. Nc3 d6 6. Be2 Nf6 7. O-O Nbd7 8. f4 b5 9. Bf3 Bb7 10. Re1 Be7 11. e5 Bxf3 12. Qxf3 dxe5 13. Nc6 Qb6+ 14.
Be3 Bc5 15. Nxe5 Bxe3+ 16. Rxe3 O-O 17. Kh1 b4 18. Ne4 Rad8 19. Nxd7 Nxd7 20. Rae1 Nc5 21. Ng3 Rd2 22. f5 Qd8 23. Nh5 Qd4 24. c3 bxc3 25.
bxc3 Qh4 26. Re5 Nd3 27. g3 Qxh2# 0-1

[Event "*** Titled Tuesday Blitz"]
[Site "Chess.com"]
[Date "2018.04.03"]
[Round "2"]
[White "DACF2905"]
[Black "andante"]
[Result "1-0"]
[WhiteElo "2051"]
[BlackElo "2187"]
[TimeControl "180+2"]
[EndTime "13:21:03 PDT"]
[Termination "DACF2905 won by checkmate"]

1. e4 c5 2. Nf3 d6 3. d4 cxd4 4.
Nxd4 Nf6 5. Nc3 a6 6. Bg5 e6 7. f4 h6 8. Bh4 Nc6 9. Nxc6 bxc6 10.
e5 g5 11. fxg5 Nd5 12. Nxd5 exd5 13. Qh5 Bf5 14. O-O-O Bg6 15. Qg4 Qa5 16. e6 Qxa2 17. exf7+ Kxf7 18. Bd3 Bxd3 19. Rhf1+ Bxf1 20. Rxf1+ Ke8 21. Qe6+ Be7 22. Re1 Ra7 23. g6 Qa1+ 24. Kd2 Qa5+ 25. c3 Qc7 26. Bxe7 Qxe7 27. Qc8# 1-0

[Event "*** Titled Tuesday Blitz"]
[Site "Chess.com"]
[Date "2018.04.03"]
[Round "2"]
[White "RichardABates"]
[Black "DrZeiss"]
[Result "1-0"]
[WhiteElo "2131"]
[BlackElo "2204"]
[TimeControl "180+2"]
[EndTime "13:21:05 PDT"]
[Termination "RichardABates won by resignation"]

1. d4 Nf6 2. Nf3 c5 3. d5 e6 4. c4 exd5 5. cxd5 d6 6. e4 Nxe4 7. Qa4+ Nd7 8. Qxe4+ Be7 9. Bd3 Nf6 10. Qe2 O-O 11. Nc3 a6 12. a4 b6 13. O-O Bb7 14. Bc4 Re8 15. h3 Qc7 16. Bg5 h6 17.
Bh4 Nxd5 18. Nxd5 Bxd5 19. Bxd5 Bxh4 20. Qc4 b5 21. Qxh4 Rab8 22. Rfe1 c4 23. axb5 axb5 24. Rxe8+ Rxe8 25. Ra8 Rxa8 26. Bxa8 Qa5 27. Be4 b4 28. Qe7 g6 29. Qxd6 Qa1+ 30. Kh2 Qxb2 31. Qd4 Qxd4 32. Nxd4 Kg7 33. Bd5 c3 34. Nc2 Kf6 35. Nxb4 Ke5 36. Bb3 f5 37. Kg3 g5 38. Kf3 Kd4 39. Ke2 f4 40. Nc2+ Kc5 41. Kd3 1-0

[Event "*** Titled Tuesday Blitz"]
[Site "Chess.com"]
[Date "2018.04.03"]
[Round "2"]
[White "2Tilted"]
[Black "Margency"]
[Result "0-1"]
[WhiteElo "2280"]
[BlackElo "2576"]
[TimeControl "180+2"]
[EndTime "13:21:06 PDT"]
[Termination "Margency won by resignation"]

1. d4 Nf6 2. Nf3 g6 3. c4 Bg7 4. Nc3 d5 5. Qb3 dxc4 6. Qxc4 O-O 7. e4 Na6 8. Be2 c5 9. d5 e6 10. O-O exd5 11. exd5 Bf5 12. Be3 Re8 13. Rac1 Ne4 14. Rfd1 Nd6 15. Qh4 c4 16. Qxd8 Raxd8 17. Nd4 Bd7 18. Bf3 Nb4 19. Nde2 Nd3 20. Rc2 a6 21. Nf4 Ne5 22. Be2 b5 23. Nb1 Ng4 24. Bc5 Be5 25.
Bxg4 Bxg4 26. f3 Bf5 27. Re2 Bxf4 28. Bxd6 Bxd6 29. Rxe8+ Rxe8 30. Nc3 b4 31. Ne4 Bxe4 32. Re1 f5 33. fxe4 Rxe4 34. Rd1 c3 35. bxc3 bxc3 36. Rc1 Rc4 37. Kf2 c2 0-1

[Event "*** Titled Tuesday Blitz"]
[Site "Chess.com"]
[Date "2018.04.03"]
[Round "2"]
[White "AndrewMcStone"]
[Black "PenguinPacks"]
[Result "0-1"]
[WhiteElo "2103"]
[BlackElo "2150"]
[TimeControl "180+2"]
[EndTime "13:21:10 PDT"]
[Termination "PenguinPacks won by checkmate"]

1. d4 d5 2. c4 dxc4 3. e4 Nc6 4. Nf3 Bg4 5. Bxc4 e6 6. Be3 Nf6 7. Nc3 Bb4 8. Qd3 O-O 9. O-O-O Qe7 10. Bg5 Bxc3 11. bxc3 e5 12. h3 Bh5 13. g4 Bg6 14. d5 Na5 15. Nd2 Qa3+ 16. Kb1 b5 17. Bb3 Nc4 18. Bxf6 Qb2# 0-1

[Event "*** Titled Tuesday Blitz"]
[Site "Chess.com"]
[Date "2018.04.03"]
[Round "2"]
[White "lachesisQ"]
[Black "XDPS"]
[Result "1-0"]
[WhiteElo "2904"]
[BlackElo "2581"]
[TimeControl "180+2"]
[EndTime "13:21:21 PDT"]
[Termination "lachesisQ won by resignation"]

1. e4 c5 2. Nf3 d6 3. d4 cxd4 4. Nxd4 Nf6 5. Nc3 a6 6. h3 e5 7. Nde2 b5 8. g4 b4 9. Nd5 Nxd5 10. exd5 h5 11. g5 h4 12. a3 bxa3 13. Rxa3 Nd7 14. Be3 Rb8 15. b3 f5 16. gxf6 Nxf6 17. Nc3 Be7 18.
Bxa6 O-O 19. Qd3 Nh5 20. Bxc8 Rxc8 21. Ra7 Bg5 22. Rg1 Bxe3 23. Qxe3 Rc7 24. Ne4 Rf4 25. Ra2 Qb8 26. Kd1 Qb4 27. Ra8+ Kh7 28. Ng5+ Kh6 29. Rh8+ Kg6 30. Ne6+ Kf6 31. Rxh5 1-0

[Event "*** Titled Tuesday Blitz"]
[Site "Chess.com"]
[Date "2018.04.03"]
[Round "2"]
[White "Kangoroo3000"]
[Black "PowerThinking2650"]
[Result "1-0"]
[WhiteElo "2398"]
[BlackElo "2234"]
[TimeControl "180+2"]
[EndTime "13:21:21 PDT"]
[Termination "Kangoroo3000 won on time"]

1. d4 Nf6 2. c4 g6 3. Nc3 Bg7 4. e4 d6 5. Be2 O-O 6. Be3 e5 7. d5 a5 8. g4 Na6 9. h4 Nc5 10.
f3 c6 11. h5 cxd5 12. cxd5 a4 13. Nh3 Qa5 14. Qd2 Bd7 15. Nf2 Rfc8 16. h6 Bf8 17.
Nd3 Nxd3+ 18. Bxd3 a3 19. Rc1 axb2 20. Qxb2 b5 21. O-O b4 22. Ne2 Qxa2 23. Qxb4 Rcb8 24. Qe1 Be7 25. Qf2 Rb2 26. Bc4 Qa4 27. Qe1 Bd8 28.
Ra1 Qxa1 29. Qxa1 Rc8 30. Qxb2 1-0

[Event "*** Titled Tuesday Blitz"]
[Site "Chess.com"]
[Date "2018.04.03"]
[Round "2"]
[White "amintabatabaei"]
[Black "MITerryble"]
[Result "0-1"]
[WhiteElo "2639"]
[BlackElo "2658"]
[TimeControl "180+2"]
[EndTime "13:21:25 PDT"]
[Termination "MITerryble won by resignation"]

1. d4 e6 2. c4 Bb4+ 3. Bd2 Qe7 4.
e4 Bxd2+ 5. Qxd2 d6 6. Nc3 Nf6 7. g3 e5 8. d5 a5 9. Bg2 Na6 10. Nge2 Nc5 11. O-O O-O 12. b3 Nh5 13. f4 exf4 14.
Nxf4 Nf6 15. Rae1 Ng4 16. Nfe2 Ne5 17. Nd4 g6 18. a3 a4 19. b4 Nb3 20. Nxb3 axb3 21.
Qd4 Rxa3 22. Nb5 Ra2 23. Rb1 Bg4 24. Rxb3 Rfa8 25. Rb2 Be2 26. Rc1 Rxb2 27. Qxb2 Bxc4 28. Bf1 Ra2 29. Qc3 Qf6 30. Qe3 Nf3+ 0-1

[Event "*** Titled Tuesday Blitz"]
[Site "Chess.com"]
[Date "2018.04.03"]
[Round "2"]
[White "amatatanav"]
[Black "GMMatamoros"]
[Result "0-1"]
[WhiteElo "2435"]
[BlackElo "2447"]
[TimeControl "180+2"]
[EndTime "13:21:28 PDT"]
[Termination "GMMatamoros won on time"]

1. e4 c5 2. Ne2 Nc6 3. Nbc3 e6 4. d4 cxd4 5. Nxd4 Qc7 6. Be3 a6 7. Qf3 d6 8. O-O-O Bd7 9. Qg3 Nf6 10. f4 b5 11. a3 Rc8 12. Bd3 b4 13. axb4 Nxb4 14.
e5 dxe5 15. fxe5 Nfd5 16. Nxd5 Nxd5 17. Bxa6 Rb8 18. Nf5 Nxe3 19. Nxe3 Qb6 20. Rxd7 Qxb2+ 0-1

[Event "*** Titled Tuesday Blitz"]
[Site "Chess.com"]
[Date "2018.04.03"]
[Round "2"]
[White "Koksik_13"]
[Black "1977Ivan"]
[Result "1-0"]
[WhiteElo "2483"]
[BlackElo "2413"]
[TimeControl "180+2"]
[EndTime "13:21:31 PDT"]
[Termination "Koksik_13 won on time"]

1. e4 c6 2. d4 d5 3. Nc3 dxe4 4. Nxe4 Nf6 5. Ng3 h5 6. h4 Bg4 7.
Be2 e6 8. Nf3 Nbd7 9. Bf4 Nd5 10. Bg5 Be7 11. Qd2 Bxg5 12. Nxg5 Bxe2 13. Nxe2 b5 14. O-O-O N7b6 15. Qd3 Nc4 16. b3 Nb4 17. Qf3 Nd6 18. c3 Nd5 19. Ng3 Qa5 20. Kb2 b4 21. c4 Nc3 22. Ra1 Ke7 23. a3 Rab8 24. axb4 Nxc4+ 25. Kc2 1-0

[Event "*** Titled Tuesday Blitz"]
[Site "Chess.com"]
[Date "2018.04.03"]
[Round "2"]
[White "RojonR"]
[Black "matiss90"]
[Result "1-0"]
[WhiteElo "2388"]
[BlackElo "2352"]
[TimeControl "180+2"]
[EndTime "13:21:38 PDT"]
[Termination "RojonR won by resignation"]

1. e4 c5 2. Nf3 d6 3. d4 cxd4 4. Nxd4 Nf6 5. Nc3 g6 6. g3 Nc6 7. Nb3 h5 8. h4 a5 9. a4 Bg7 10. Bg2 Be6 11. Nd5 O-O 12. O-O Ne5 13. Nd4 Nxd5 14.
Nxe6 fxe6 15. exd5 Ng4 16. Qe2 Qb6 17. Qxe6+ Kh7 18.
Bf4 Rxf4 19. gxf4 Rf8 20. Be4 Rf6 21. Qxe7 Rxf4 22. Bxg6+ Kh8 23. Qe8+ Rf8 24. Qe2 Nxf2 25.
Qxh5+ 1-0

[Event "*** Titled Tuesday Blitz"]
[Site "Chess.com"]
[Date "2018.04.03"]
[Round "2"]
[White "maciek_92"]
[Black "ajkom197"]
[Result "1-0"]
[WhiteElo "2545"]
[BlackElo "2425"]
[TimeControl "180+2"]
[EndTime "13:21:40 PDT"]
[Termination "maciek_92 won by resignation"]

1. c4 c6 2. Nc3 d5 3. e3 Nf6 4. Nf3 Bg4 5. d4 e6 6. h3 Bh5 7. Qb3 Qb6 8. c5 Qxb3 9. axb3 Bxf3 10. gxf3 Be7 11. b4 O-O 12. b5 cxb5 13. f4 Nc6 14.
Bxb5 Nb4 15. Ra4 a5 16. Bd2 Rfb8 17. Ke2 b6 18. cxb6 Rxb6 19. Rha1 Nc2 20. Rc1 Nb4 21.
f3 g6 22. Kd1 Kf8 23. Rca1 Ne8 24. Rxa5 Rab8 25. Bxe8 Kxe8 26. Na4 R6b7 27. Bxb4 Rxb4 28.
Ra7 Rb3 29. Ke2 Rc8 30. Ra2 Rc2+ 31. Kd1 Rh2 32. Ra8+ Bd8 33. Nc3 Rbxb2 34. Rxb2 Rxb2 35. Na4 Rh2 36. Nc5 Ke7 37. Ra7+ Kf6 38. e4 Rxh3 39.
e5+ Kf5 40. Rxf7+ 1-0

[Event "*** Titled Tuesday Blitz"]
[Site "Chess.com"]
[Date "2018.04.03"]
[Round "2"]
[White "jcibarra"]
[Black "LawrenceTrent"]
[Result "0-1"]
[WhiteElo "2675"]
[BlackElo "2537"]
[TimeControl "180+2"]
[EndTime "13:21:43 PDT"]
[Termination "LawrenceTrent won on time"]

1. e4 e5 2. Nf3 Nc6 3. d4 exd4 4. Nxd4 Bb4+ 5. c3 Be7 6. Nf5 g6 7. Nxe7 Qxe7 8. Bd3 Nf6 9. O-O h6 10. Re1 d6 11. Nd2 Bd7 12. b4 Ne5 13. Bf1 g5 14.
Nc4 Nxc4 15. Bxc4 Ng4 16. Be2 Ne5 17. c4 O-O 18. Bb2 f5 19. exf5 Rxf5 20. c5 Raf8 21. cxd6 cxd6 22. Bd4 a6 23. Bg4 R5f7 24. Bxd7 Qxd7 25.
Qh5 Kh7 26. Bxe5 dxe5 27. Rxe5 Rxf2 28. h3 Qd4 0-1

[Event "*** Titled Tuesday Blitz"]
[Site "Chess.com"]
[Date "2018.04.03"]
[Round "2"]
[White "Arash_Tahbaz"]
[Black "jefferyx"]
[Result "1-0"]
[WhiteElo "2622"]
[BlackElo "2723"]
[TimeControl "180+2"]
[EndTime "13:21:48 PDT"]
[Termination "Arash_Tahbaz won by resignation"]

1. d4 Nf6 2. c4 g6 3. f3 e6 4. Nc3 d5 5. Bg5 c6 6. e3 Nbd7 7. cxd5 exd5 8. Bd3 h6 9. Bh4 Bg7 10. Nge2 O-O 11. O-O Re8 12. e4 Qb6 13. Kh1 Nf8 14.
Qd2 Ne6 15. Bc2 Qxb2 16. e5 Nh7 17. f4 Nc7 18. a3 Qb6 19. Na4 Qa6 20. Nc5 Qb6 21.
Rab1 Nb5 22. a4 a6 23. f5 Bxf5 24. Bxf5 gxf5 25. axb5 axb5 26. Rxf5 Nf8 27. Rbf1 Qc7 28. Ng3 b6 29. Nd3 Ra4 30. Qf4 Ne6 31. Qf2 Rf8 32.
Nh5 Rxd4 33. Bf6 Rxd3 34. Bxg7 Nxg7 35. Nf6+ Kh8 36. Qf4 1-0

[Event "*** Titled Tuesday Blitz"]
[Site "Chess.com"]
[Date "2018.04.03"]
[Round "2"]
[White "spidernv"]
[Black "GMKrikor"]
[Result "0-1"]
[WhiteElo "2349"]
[BlackElo "2647"]
[TimeControl "180+2"]
[EndTime "13:21:48 PDT"]
[Termination "GMKrikor won by resignation"]

1. e4 c5 2. Nc3 e6 3. g3 d5 4. Bg2 dxe4 5. Nxe4 Nc6 6. d3 Be7 7. f4 Nf6 8. Ne2 O-O 9. O-O Qc7 10.
h3 Rd8 11. Qe1 b6 12. Be3 Bb7 13. a3 Nd4 14. Rc1 Nxe4 15. dxe4 Ba6 16. Bxd4 cxd4 17.
Kh2 Rac8 18. Bf3 Qd7 19. Rg1 d3 20. cxd3 Qxd3 21. Kg2 h5 22. Rxc8 Rxc8 23. Qd1 Rc2 24. Qxd3 Bxd3 25. Rc1 Rxb2 26. Rc8+ Kh7 27. Kf1 Bxa3 28.
Bxh5 Bc5 29. Ke1 Be3 30. Kf1 a5 31. Rc3 Rb1+ 32. Kg2 Bxe4+ 33. Bf3 Bxf3+ 34. Kxf3 Bc5 35. Rd3 a4 36. Rd7 a3 37. Ra7 Rb3+ 38. Kg4 Rb2 39. Nc3 Rb3 40. Ne4 f5+ 41. Kh5 fxe4 42. g4 Rxh3+ 43.
Kg5 e3 44. f5 exf5 45. gxf5 e2 46. f6 e1=Q 0-1

[Event "*** Titled Tuesday Blitz"]
[Site "Chess.com"]
[Date "2018.04.03"]
[Round "2"]
[White "MFBerna"]
[Black "denizozen"]
[Result "0-1"]
[WhiteElo "2286"]
[BlackElo "2628"]
[TimeControl "180+2"]
[EndTime "13:21:53 PDT"]
[Termination "denizozen won by resignation"]

1. e4 e6 2. d4 d5 3. exd5 exd5 4. Nf3 Nc6 5. h3 Bf5 6. Bd3 Bxd3 7. Qxd3 Bd6 8. O-O Nge7 9. Nc3 Qd7 10. Ne2 O-O-O 11.
Bf4 f6 12. c3 h5 13. b4 Bxf4 14. Nxf4 g5 15. Ne2 g4 16. Nh4 Rhg8 17. Nf4 Qd6 18. Qg3 gxh3 19. Qxh3+ Kb8 20. Nd3 Ng6 21. Nf5 Nf4 22.
Qf3 Nxg2 23. Nxd6 Ne1+ 24. Qg3 Nxd3 25. Nf5 Nf4 26. Kh2 Rxg3 27. fxg3 Ne2 28. Rf3 Re8 29. Re1 Re4 30. Re3 Nxc3 31. Rxe4 Nxe4 32. Kh3 Nxb4 33. Re2 a5 34. Kh4 Nc6 35. Kxh5 Ne7 36. g4 Nxf5 37.
Rxe4 dxe4 38. gxf5 e3 0-1

[Event "*** Titled Tuesday Blitz"]
[Site "Chess.com"]
[Date "2018.04.03"]
[Round "2"]
[White "Cecile-Haussernot"]
[Black "Chesscoach_Golichenko"]
[Result "0-1"]
[WhiteElo "2305"]
[BlackElo "2474"]
[TimeControl "180+2"]
[EndTime "13:21:57 PDT"]
[Termination "Chesscoach_Golichenko won by resignation"]

1. e4 c5 2. Nf3 d6 3. d4 cxd4 4.
Nxd4 Nf6 5. Nc3 a6 6. h3 e5 7. Nde2 Be6 8. f4 exf4 9. Nxf4 Be7 10.
Be3 O-O 11. Qf3 Nc6 12. O-O-O Qa5 13. Kb1 Rac8 14. Bd2 Ne5 15. Ncd5 Qa4 16. Nxe7+ Kh8 17. b3 Qd7 18. Qf2 Qxe7 19. Qd4 Nc6 20. Qd3 a5 21.
g4 a4 22. g5 axb3 23. gxf6 bxa2+ 24. Ka1 Qxf6+ 25. Qc3 Nd4 26. Nh5 Qe5 27. Kb2 Rxc3 28.
Bxc3 Qxh5 29. Rxd4 Qf3 30. Rg1 a1=Q+ 0-1

[Event "*** Titled Tuesday Blitz"]
[Site "Chess.com"]
[Date "2018.04.03"]
[Round "2"]
[White "Abrito99"]
[Black "x-3738459472"]
[Result "1-0"]
[WhiteElo "2446"]
[BlackElo "2459"]
[TimeControl "180+2"]
[EndTime "13:22:01 PDT"]
[Termination "Abrito99 won by checkmate"]

1. e4 c5 2. d4 cxd4 3. c3 d5 4. exd5 Qxd5 5. cxd4 Nc6 6. Nf3 e5 7. Nc3 Bb4 8. Bd2 Bxc3 9. Bxc3 e4 10. Ne5 Nxe5 11.
dxe5 Qxd1+ 12. Rxd1 Bd7 13. e6 Bxe6 14. Bxg7 f6 15.
Bxh8 Kf7 16. Be2 Kg6 17. Rd6 Bxa2 18. O-O Rf8 19. Ra1 Bf7 20. Rxa7 Rc8 21. g3 Rc2 22. Bg4 Rxb2 23. Bc8 Rb1+ 24. Kg2 Bc4 25. Rxb7 Bf1+ 26. Kg1 Rc1 27. Rg7+ Kh6 28. h4 Be2+ 29. Kh2 Rxc8 30.
g4 Bf3 31. Kg3 Be2 32. h5 Rc3+ 33. Kh4 Bxg4 34. Kxg4 Rf3 35. Rxg8 e3 36. Bg7# 1-0

[Event "*** Titled Tuesday Blitz"]
[Site "Chess.com"]
[Date "2018.04.03"]
[Round "2"]
[White "Noukii"]
[Black "Alexander_Moskalenko"]
[Result "0-1"]
[WhiteElo "2616"]
[BlackElo "2713"]
[TimeControl "180+2"]
[EndTime "13:22:04 PDT"]
[Termination "Alexander_Moskalenko won by resignation"]

1. d4 Nf6 2. c4 e6 3. Nf3 d5 4. g3 dxc4 5. Bg2 Bd7 6. Ne5 Bc6 7. Nxc6 Nxc6 8. O-O Qd7 9. Nc3 O-O-O 10. Qa4 Kb8 11. e3 Nb4 12. Qd1 Nd3 13. b3 e5 14. bxc4 Nxc1 15.
Rxc1 exd4 16. exd4 Qxd4 17. Qe2 Bb4 18. Nb5 Qc5 19.
a3 Ba5 20. Nc3 Rhe8 21. Qf3 c6 22. Ra1 Bxc3 23. Qxc3 Re7 24. a4 a5 25. Rab1 Ka7 26. h3 Rd4 27. Rfc1 Red7 28. Rb2 Rd1+ 29. Rxd1 Rxd1+ 30. Kh2 Rd7 31. Bf3 Ne8 32. Bg4 Re7 33. Kg2 Nd6 34. Bf3 f5 35. h4 g6 36. Qf6 Nxc4 37.
Rc2 Ne3+ 38. fxe3 Qxc2+ 39. Kh3 Qc5 0-1

[Event "*** Titled Tuesday Blitz"]
[Site "Chess.com"]
[Date "2018.04.03"]
[Round "2"]
[White "julinha97"]
[Black "GMMelik"]
[Result "0-1"]
[WhiteElo "2220"]
[BlackElo "2387"]
[TimeControl "180+2"]
[EndTime "13:22:18 PDT"]
[Termination "GMMelik won by resignation"]

1. e4 e5 2. Nf3 Nc6 3. Bc4 Bc5 4.
c3 Nf6 5. d3 d6 6. O-O O-O 7.
a4 a6 8. h3 Ba7 9. Re1 h6 10.
b4 Ne7 11. Nbd2 Ng6 12. Nf1 c6 13. Bb3 Re8 14. Ng3 d5 15. exd5 cxd5 16. Bb2 Qd6 17.
Qd2 e4 18. dxe4 Qxg3 19. Nd4 Qf4 20. Qxf4 Nxf4 21. exd5 Bxd4 22. Rxe8+ Nxe8 23. cxd4 Bd7 24. Re1 Nf6 25. Re7 Re8 26. Rxe8+ Bxe8 27. Kf1 N4xd5 28. Ke2 Nxb4 29. f3 b5 30. axb5 Bxb5+ 31. Kd2 Nbd5 32. g4 g5 33. Ba3 Bf1 34. Ke1 Bxh3 35. Kf2 Nf4 36. Bc4 a5 37. Bd6 N6d5 38. Kg3 a4 39. Bxd5 Nxd5 40. Kxh3 Nb6 41. Bc5 Nc4 42. d5 f6 43. d6 Ne5 44. Kg3 Kf7 45. f4 gxf4+ 46. Kxf4 Nd3+ 47. Kf5 Nxc5 0-1

[Event "*** Titled Tuesday Blitz"]
[Site "Chess.com"]
[Date "2018.04.03"]
[Round "2"]
[White "ilmago"]
[Black "indfraeng"]
[Result "1-0"]
[WhiteElo "1915"]
[BlackElo "1811"]
[TimeControl "180+2"]
[EndTime "13:22:28 PDT"]
[Termination "ilmago won by resignation"]

1. e4 c6 2. d4 d5 3. exd5 cxd5 4. c4 Nf6 5. Nc3 e6 6. Nf3 Be7 7. cxd5 Nxd5 8. Bd3 Nc6 9. O-O O-O 10. a3 b6 11.
Bc2 Bb7 12. Qd3 Nf6 13. Bg5 g6 14. Rad1 Nd5 15. Bh6 Re8 16. Rfe1 Bf6 17. Ne4 Bg7 18.
Bxg7 Kxg7 19. Neg5 Rc8 20. h4 Ndb4 21. axb4 Nxb4 22.
Qd2 Bxf3 23. Qxb4 Bxd1 24. Bxd1 Qe7 25. Qd2 Red8 26. Qe3 Qf6 27. Nf3 Rc7 28. Bb3 Rcd7 29. Rc1 b5 30. Rc5 Qe7 31. Qe5+ f6 32. Qxe6 Qxe6 33.
Bxe6 Re7 34. d5 a6 35. Nd4 Rd6 36. Nc6 Rexe6 37. dxe6 Rxe6 38. Nb4 a5 39. Nd3 Rd6 40. Nf4 Rd4 41. Ne6+ 1-0

[Event "*** Titled Tuesday Blitz"]
[Site "Chess.com"]
[Date "2018.04.03"]
[Round "2"]
[White "Muracle"]
[Black "Keaton87"]
[Result "0-1"]
[WhiteElo "2447"]
[BlackElo "2453"]
[TimeControl "180+2"]
[EndTime "13:22:30 PDT"]
[Termination "Keaton87 won by checkmate"]

1. Nf3 g6 2. g3 Bg7 3. Bg2 e5 4. O-O e4 5. Ne1 d5 6. d3 exd3 7. cxd3 Nf6 8. Nc3 O-O 9. Nc2 c6 10. e4 Bg4 11. Qe1 Re8 12. e5 Nfd7 13. d4 Na6 14. h3 Be6 15. Qd1 Nb6 16. a4 c5 17.
dxc5 Nxc5 18. a5 Nc4 19. Nxd5 Nb3 20. Ra4 Nxe5 21. Bf4 Nc5 22. Rb4 Ned3 23. Rb5 a6 24.
Rxc5 Nxc5 25. Nc7 Qxd1 26. Rxd1 Red8 27. Rb1 Bf5 28. Nxa8 Rxa8 29. b4 Ne6 30. Bxb7 Ra7 31. Bc8 Bxc2 32. Rc1 Bd3 33. Be3 Rc7 34. Rd1 Bc2 35.
Rd6 Rxc8 36. Rxa6 Bc3 37. Rb6 Be4 38. f4 Bd4 39. Bxd4 Nxd4 40. Kf2 Nf5 41. g4 Rc2+ 42. Ke1 Ne3 43. a6 Bf3 44. Rd6 Re2# 0-1

[Event "*** Titled Tuesday Blitz"]
[Site "Chess.com"]
[Date "2018.04.03"]
[Round "2"]
[White "abubakrtagelsir"]
[Black "Generalas"]
[Result "1/2-1/2"]
[WhiteElo "2267"]
[BlackElo "2174"]
[TimeControl "180+2"]
[EndTime "13:22:30 PDT"]
[Termination "Game drawn by repetition"]

1. e4 e5 2. Nf3 Nc6 3. d4 exd4 4. Bc4 Nf6 5. O-O Nxe4 6. Re1 d5 7. Bxd5 Qxd5 8. Nc3 Qa5 9. Nxe4 Be6 10. Bd2 Bb4 11. c3 dxc3 12. bxc3 Be7 13. c4 Qh5 14. Rb1 O-O 15.
Rxb7 Bxc4 16. Rxc7 Bd5 17. Ng3 Qg6 18. Rcxe7 Nxe7 19. Rxe7 Bxa2 20. Re1 Rfd8 21. Qa4 Be6 22. Ba5 Rd5 23.
Qc6 Rc8 24. Qa6 h5 25. Qxa7 Qf6 26. h4 Bg4 27. Ng5 g6 28. Qb7 Rxa5 29. N3e4 Qf4 30. Qe7 Kg7 31. Nd6 Ra2 32. f3 Rcc2 33. Ne8+ Kg8 34.
Nf6+ Qxf6 35. Qxf6 Rxg2+ 36. Kh1 Rh2+ 37. Kg1 Rhg2+ 38.
Kh1 Rh2+ 39. Kg1 Rhg2+ 40. Kh1 Rh2+ 1/2-1/2

[Event "*** Titled Tuesday Blitz"]
[Site "Chess.com"]
[Date "2018.04.03"]
[Round "2"]
[White "Manukyan_Artak"]
[Black "Jbd735"]
[Result "1-0"]
[WhiteElo "2392"]
[BlackElo "2223"]
[TimeControl "180+2"]
[EndTime "13:22:31 PDT"]
[Termination "Manukyan_Artak won by resignation"]

1. e4 e5 2. Nf3 Nc6 3. d4 exd4 4. Nxd4 Bc5 5. Nxc6 Qf6 6. Qf3 Qxf3 7. gxf3 dxc6 8. Nd2 Be6 9. Bc4 Bxc4 10. Nxc4 Ne7 11. Be3 Bxe3 12. fxe3 Rd8 13. Ke2 f6 14. h4 Kf7 15.
h5 Rd7 16. Rad1 Rhd8 17. Rxd7 Rxd7 18. f4 c5 19. e5 Nc6 20. exf6 Kxf6 21. c3 b5 22. Nd2 c4 23. Rg1 Rd5 24. Ne4+ Kf7 25. Rg5 Ne7 26. Rxd5 Nxd5 27. Kf3 Nb6 28. Nc5 Kf6 29.
e4 c6 30. Kg4 a5 31. e5+ Kf7 32. f5 b4 33. e6+ Ke7 34. Kf4 bxc3 35. bxc3 Nd5+ 36. Ke5 Nxc3 37. h6 Nd5 38. hxg7 Nf6 39. Nd7 Ng8 40. f6+ Nxf6 41. Nxf6 c3 42. g8=Q 1-0

[Event "*** Titled Tuesday Blitz"]
[Site "Chess.com"]
[Date "2018.04.03"]
[Round "2"]
[White "Entilza"]
[Black "chorejason"]
[Result "0-1"]
[WhiteElo "2192"]
[BlackElo "2083"]
[TimeControl "180+2"]
[EndTime "13:22:32 PDT"]
[Termination "chorejason won by resignation"]

1. d4 Nf6 2. c4 g6 3. Nc3 Bg7 4.
e4 d6 5. Nf3 O-O 6. Be2 c5 7.
O-O cxd4 8. Nxd4 Nc6 9. Be3 Ne5 10. f3 a6 11. Qd2 Be6 12. b3 Rc8 13. Rfc1 h5 14. Rc2 h4 15. Rac1 Qd7 16. Na4 Qd8 17. Nxe6 fxe6 18. Nb6 Rc6 19. c5 dxc5 20. Qxd8 Rxd8 21.
Bxc5 Nd3 22. Bxd3 Rxd3 23. Bf2 Rd1+ 24. Rxd1 Rxc2 25. a4 Kf7 26. Nc4 h3 27. gxh3 Nh5 28. Bg3 Rc3 29. b4 Rxf3 30. Kg2 Rb3 31. Be1 Nf4+ 32.
Kf1 Nxh3 33. Na5 Rb2 34. Nxb7 Rxh2 35. Nc5 g5 36. Nxa6 g4 37. b5 Rh1+ 38. Ke2 Nf4+ 39. Ke3 Bh6 40. Kd4 g3 41. Rd3 Rxe1 42. Rxg3 Ne2+ 43. Kc5 Nxg3 0-1